 Dungeon Crawl Stone Soup version 0.31.0-32-g396128a36d (webtiles) character file.

Game seed: 6562770740122397879

345 coldfrog the Chiller (level 6, -1/47 HPs)
             Began as a Draconian Ice Elementalist on Mar 8, 2024.
             Was an Initiate of Okawaru.
             Engulfed by a steam dragon's steam (5 damage)
             ... on level 4 of the Dungeon.
             The game lasted 00:27:01 (2230 turns).

coldfrog the Chiller (Draconian Ice Elementalist)   Turns: 2230, Time: 00:27:01

Health: -1/47      AC:  7    Str: 11    XL:     6   Next: 32%
Magic:  3/11       EV: 33    Int: 17    God:    Okawaru [......]
Gold:   333        SH:  0    Dex: 17    Spells: 0/12 levels left

rFire   . . .        c - +2 hand axe (vamp)
rCold   . . .        (no shield)
rNeg    . . .        (body armour unavailable)
rPois   .            (helmet restricted)
rElec   .            x - +0 cloak
rCorr   .            (no gloves)
SInv    .            (no boots)
Will    .....        i - amulet of the acrobat
Stlth   ++           o - +6 ring of dexterity
HPRegen 0.27/turn    p - +5 ring of evasion
MPRegen 0.12/turn

%: acrobat
@: acrobatic
A: AC +6, unfitting armour, cold-blooded
a: Renounce Religion


You were on level 4 of the Dungeon.
You worshipped Okawaru.
Okawaru was noncommittal.
You visited 1 branch of the dungeon, and saw 4 of its levels.
You also visited: Sewer.

You collected 333 gold pieces.

Inventory:

Hand Weapons
 c - a +2 vampiric hand axe (weapon)
 l - a +0 orcbow
Missiles
 v - 4 boomerangs
 w - 6 poisoned darts
Armour
 x - a +0 cloak (worn)
Jewellery
 b - an amulet of guardian spirit
 i - an amulet of the acrobat (around neck)
 o - a +6 ring of dexterity (left hand)
 p - a +5 ring of evasion (right hand)
Talismans
 e - a serpent talisman
 j - a flux talisman
Wands
 y - a wand of mindburst (15)
Scrolls
 d - 2 scrolls of enchant weapon {unknown}
 f - a scroll of amnesia {unknown}
 h - a scroll of brand weapon {unknown}
 k - 2 scrolls of revelation {unknown}
 r - 3 scrolls of identify {unknown}
 z - a scroll of immolation {unknown}
Potions
 a - 2 potions of magic
 g - 2 potions of curing {unknown}
 m - 2 potions of might {unknown}
 n - a potion of mutation {unknown}
 q - 2 potions of lignification {unknown}
 s - 2 potions of brilliance {unknown}
 t - a potion of berserk rage
 u - 2 potions of resistance {unknown}


   Skills:
 + Level 1.3 Fighting
 + Level 2.4 Axes
 + Level 2.4 Dodging
 + Level 2.5 Stealth
 + Level 3.7 Spellcasting
 + Level 5.3 Ice Magic


You couldn't memorise any spells.
You knew the following spells:

 Your Spells              Type           Power      Damage    Failure   Level
a - Freeze                Ice            84%        1d9       1%          1
b - Frozen Ramparts       Ice            42%        1d7       5%          3
c - Ozocubu's Armour      Ice            21%        N/A       5%          3
d - Hailstorm             Conj/Ice       12%        3d6       16%         3
e - Ensorcelled Hibernat  Hex/Ice        24%        N/A       9%          2

Your spell library contained the following spells:

 Spells                   Type           Power      Damage    Failure   Level
 Fugue of the Fallen      Necr           3%         N/A       43%         3
 Passwall                 Erth           3%         N/A       43%         3
 Swiftness                Air            3%         N/A       43%         3
 Anguish                  Hex/Necr       1%         N/A       85%         4
 Summon Ice Beast         Ice/Summ       Unusable   N/A       N/A         3

Dungeon Overview and Level Annotations

Branches:
Dungeon (4/15)              Sewer (visited)
 Temple: D:4-7

Altars:
Okawaru

Shops:
D:2 (


Innate Abilities, Weirdness & Mutations

Your plain brown scales are hard. (AC +6)
You cannot fit into any form of body armour.
You are cold-blooded and may be slowed by cold attacks.


Message History

Confirm with . or Enter, or press ? or * to list all spells.
Casting: Frozen Ramparts (dangerous; 5% risk of failure)
Press: ? - help, Dir - look around, f - activate
There is a cloud of steam here.
The walls around you are covered in ice.
You are engulfed in a cloud of scalding steam.
Casting: Frozen Ramparts (dangerous; 5% risk of failure)
Confirm with . or Enter, or press ? or * to list all spells.
You don't have enough magic to cast this spell.
You are engulfed in a cloud of scalding steam.
The wall freezes the steam dragon.
The steam dragon breathes steam at you. The ball of steam hits you!
Unknown command.
The wall freezes the steam dragon but does no damage.
You closely miss the steam dragon.
The steam dragon is lightly wounded.
You are engulfed in a cloud of scalding steam.
The wall freezes the steam dragon but does no damage.
The steam dragon bites you but does no damage.
The steam dragon closely misses you.
You hit the steam dragon.
The steam dragon is lightly wounded.
You are engulfed in a cloud of scalding steam.
The wall freezes the steam dragon but does no damage.
The steam dragon bites you. The steam dragon misses you.
You barely miss the steam dragon.
The steam dragon is lightly wounded.
The wall freezes the steam dragon.
The steam dragon misses you. x2
The wall freezes the steam dragon.
The steam dragon breathes steam at you. The ball of steam hits you!
* * * LOW HITPOINT WARNING * * *
The frozen ramparts melt away as you move.
The steam dragon attacks as it pursues you!
The steam dragon completely misses you. The steam dragon misses you.
The steam dragon breathes steam at you. The ball of steam misses you.
You are engulfed in a cloud of scalding steam.
You die...

##....#............ .....#
......#... ........ #...#
#........# ....... ..
.........###....### # ##
.........D...#....#. #.
#.......##§......... ######.
#....##....§§§...# ##.#.#..
##......#..§§#...# ......#
#......##..§@#...# #.....#
............#....# ####..# ##
.....#......)....###..))####.
...####......##......#)))....
..# #..########....#....... .
#### ##...##.......
##....##.......
#.....#....##..
##........####.


There were no monsters in sight!

Vanquished Creatures
  A crocodile (Sewer)
  A brain worm (Sewer)
  A hound (D:4)
  An orc priest (D:3)
  An orc wizard (D:3)
  2 adders
  A ribbon worm (D:4)
  2 dart slugs
  15 orcs
  9 bats
  3 endoplasms
  7 giant cockroaches
  5 hobgoblins
  2 jackals (D:3)
  A kobold (D:1)
  3 quokkas
  5 ball pythons
  3 frilled lizards
  8 goblins
  5 rats
76 creatures vanquished.

Notes
Turn   | Place    | Note
-------+----------+-------------------------------------------
     0 | D:1      | coldfrog the Draconian Ice Elementalist began the quest for
                  | the Orb.
     0 | D:1      | Reached XP level 1. HP: 14/14 MP: 3/3
   214 | D:1      | Reached XP level 2. HP: 20/20 MP: 3/5
   686 | D:2      | Found Yvadasm's Weapon Shoppe.
   840 | D:2      | Reached XP level 3. HP: 25/26 MP: 3/6
   848 | D:2      | Learned a level 3 spell: Frozen Ramparts
  1143 | D:3      | Found a glowing drain.
  1174 | D:3      | Reached XP level 4. HP: 8/33 MP: 5/8
  1293 | D:3      | Reached skill level 1 in Axes
  1315 | Sewer    | Entered a sewer
  1364 | Sewer    | Noticed a brain worm
  1372 | Sewer    | Killed a brain worm
  1373 | Sewer    | Reached skill level 5 in Ice Magic
  1373 | Sewer    | Reached XP level 5. HP: 39/39 MP: 4/9
  1377 | Sewer    | Noticed a crocodile
  1401 | Sewer    | Killed a crocodile
  1402 | Sewer    | Reached skill level 1 in Fighting
  1402 | Sewer    | Reached XP level 6. HP: 31/47 MP: 1/11
  1952 | D:3      | Found an iron altar of Okawaru.
  1966 | D:3      | Became a worshipper of Warmaster Okawaru
  2184 | D:4      | Noticed a steam dragon
  2197 | D:4      | Learned a level 3 spell: Ozocubu's Armour
  2201 | D:4      | Learned a level 3 spell: Hailstorm
  2204 | D:4      | Learned a level 2 spell: Ensorcelled Hibernation
  2230 | D:4      | Engulfed by a steam dragon's steam

Illustrated notes

Levels and vault maps discovered:
D:1:      dpeg_arrival_stone_temple_mockup, layout_rooms, moated_statue
D:2:      layout_basic, serial_shops, nicolae_shop_tiny_waterfront,
          kennysheep_generic_room_4
D:3:      layout_basic, kennysheep_okawaru_gauntlet, gup_sewer_entry_glass,
          kennysheep_generic_room_5
D:4:      layout_cave_pools, nicolae_overflow_crystal_walls

Skill      XL: |  1  2  3  4  5 |
---------------+----------------+-----
Dodging        | 2 |  2.4
Stealth        | 2 |  2.5
Axes           | 1 2 |  2.4
Spellcasting   | 3 |  3.7
Ice Magic      | 5 |  5.3
Fighting       | 1 |  1.3

Action                     |  1- 3 |  4- 6 || total
---------------------------+-------+-------++-------
  Melee: Hand axe          |    34 |    80 ||   114
         Tailslap          |     1 |    16 ||    17
         Punch             |     1 |     1 ||     2
   Cast: Freeze            |    30 |    12 ||    42
         Frozen Ramparts   |       |    10 ||    10
         Hailstorm         |       |     1 ||     1
   Stab: Sleeping          |       |     3 ||     3
 Armour: Skin              |    26 |    41 ||    67
  Dodge: Dodged            |    43 |    79 ||   122
